 Dungeon Sprint DCSS version 0.21.1 (webtiles) character file.

716 stupendous the Carver (level 8, -10/64 HPs)
             Began as a Formicid Fighter on Feb 3, 2018.
             Shot with an arrow by a deep elf master archer (21 damage)
             ... in the Dungeon (Sprint II: "The Violet Keep of Menkaure").
             The game lasted 00:01:17 (765 turns).

stupendous the Carver (Formicid Fighter)             Turns: 765, Time: 00:01:17

Health: -10/64     AC:  7    Str: 22    XL:     8   Next: 1%
Magic:  8/8        EV:  9    Int:  7    God:
Gold:   486        SH: 10    Dex: 12    Spells: 7/7 levels left

rFire    . . .     SeeInvis +   a - +0 long sword
rCold    . . .     Gourm    .   c - +0 shield
rNeg     . . .     Faith    .   b - +0 scale mail
rPois    .         Spirit   .   (helmet unavailable)
rElec    .         Reflect  .   (no cloak)
rCorr    .         Harm     .   (no gloves)
MR       .....                  (no boots)
Stlth    ..........             (no amulet)
HPRegen  0.20/turn              (no ring)
MPRegen  0.11/turn              (no ring)

@: lethally poisoned (-10 -> -62)
A: permanent stasis, dig shafts and tunnels, four strong arms, antennae 3
a: Dig


You were in the Dungeon.
You were not hungry.

You visited 1 branch You collected 486 gold pieces.

Inventory:

Hand Weapons
 a - a +0 long sword (weapon)
Armour
 b - a +0 scale mail (worn)
 c - a +0 shield (worn)
Scrolls
 k - a scroll of blinking
Potions
 g - a potion of heal wounds
 h - a potion of haste
 i - 2 potions of magic
 j - a potion of berserk rage
Comestibles
 f - a ration


   Skills:
 - Level 6.0 Fighting
 + Level 13.8 Long Blades
 - Level 6.0 Armour
 - Level 6.3 Shields


You had 7 spell levels left.
You didn't know any spells.

Dungeon Overview and Level Annotations

Branches:
Dungeon (1/1)

Altars:
Cheibriados
Dithmenos
Elyvilon
Fedhas
Gozag
Hepliaklqana
Kikubaaqudgha
Makhleb
Ru
Sif Muna
Trog
Beogh
Jiyva
Lugonu


Innate Abilities, Weirdness & Mutations

You cannot be hasted, slowed, berserked, paralysed or teleported.
You can dig through walls and to a lower floor.
Your four strong arms can wield two-handed weapons with a shield.
You have a pair of large antennae on your head. (SInv)


Message History

The spiny frog is almost dead.
You feel very sick. You block the spiny frog's attack.
The spiny frog stings you but does no damage.
The spiny frog stings you!
* * * LOW HITPOINT WARNING * * *
You slash the spiny frog!
You kill the spiny frog!
Your Long Blades skill increases to level 13!
You have reached level 8!
You feel stronger.
* * * LOW HITPOINT WARNING * * *
You feel very sick. You block the spiny frog's attack.
* * * LOW HITPOINT WARNING * * *
You feel very sick.
The deep elf master archer wields a longbow.
The deep elf master archer shoots an arrow.
The arrow hits you!!
You die...

{ { { { { {
##++##{{{ {
##ā‰ˆ...###{
{ {{
#eā‰ˆ.....#
####@...#{
#.)F..^^#{{
{##+#
..#$.####.#{{
##..###.###
{{+.###
#..##.# ...#
{#...#
####.#.##
..## ##..# {
#.###'## #..#
{+..#{{
#..##.## {
#..#{{#^.#{{#
#'.<.+
+..####..##.#


You could see a deep elf master archer and a spiny frog.

Vanquished Creatures
  A spiny frog (D)
  2 hippogriffs (D)
  4 worker ants (D)
  3 worms (D)
10 creatures vanquished.

Vanquished Creatures (others)
  A crocodile (D)
1 creature vanquished.

Grand Total: 11 creatures vanquished

Notes
Turn   | Place    | Note
-------+----------+-------------------------------------------
     0 | D        | stupendous the Formicid Fighter began the quest for the Orb.
     0 | D        | Reached XP level 1. HP: 18/18 MP: 1/1
     1 | D        | Noticed a worker ant
     1 | D        | Noticed a worker ant
     1 | D        | Noticed a worker ant
     1 | D        | Noticed a worker ant
    10 | D        | Killed a worker ant
    10 | D        | Reached skill level 3 in Long Blades
    10 | D        | Reached XP level 2. HP: 16/26 MP: 2/2
    10 | D        | Reached XP level 3. HP: 20/31 MP: 3/3
    27 | D        | Reached skill level 5 in Fighting
    27 | D        | Reached skill level 5 in Armour
    27 | D        | Reached skill level 5 in Shields
    43 | D        | Reached skill level 4 in Long Blades
    43 | D        | Reached XP level 4. HP: 11/39 MP: 4/4
   244 | D        | Killed a crocodile
   317 | D        | Reached XP level 5. HP: 46/46 MP: 5/5
   343 | D        | Noticed a hippogriff
   343 | D        | Noticed a hippogriff
   349 | D        | Killed a hippogriff
   349 | D        | Reached skill level 9 in Long Blades
   349 | D        | Reached XP level 6. HP: 35/52 MP: 6/6
   354 | D        | Killed a hippogriff
   354 | D        | Reached skill level 12 in Long Blades
   354 | D        | Reached XP level 7. HP: 8/58 MP: 7/7
   634 | D        | Found an opulent altar of Gozag.
   635 | D        | Found a blossoming altar of Fedhas.
   636 | D        | Found a white marble altar of Elyvilon.
   637 | D        | Found a shadowy altar of Dithmenos.
   637 | D        | Found a corrupted altar of Lugonu.
   637 | D        | Found a burning altar of Makhleb.
   638 | D        | Found a snail-covered altar of Cheibriados.
   638 | D        | Found an ancient bone altar of Kikubaaqudgha.
   638 | D        | Found a bloodstained altar of Trog.
   639 | D        | Found a roughly hewn altar of Beogh.
   639 | D        | Found a viscous altar of Jiyva.
   639 | D        | Found a deep blue altar of Sif Muna.
   640 | D        | Found a hazy altar of Hepliaklqana.
   640 | D        | Found a sacrificial altar of Ru.
   716 | D        | Noticed a deep elf master archer
   759 | D        | Noticed a spiny frog
   759 | D        | Noticed a spiny frog
   764 | D        | Killed a spiny frog
   764 | D        | Reached skill level 13 in Long Blades
   764 | D        | Reached XP level 8. HP: 18/64 MP: 8/8
   765 | D        | Shot with an arrow by a deep elf master archer

Skill      XL: |  1  2  3  4  5  6  7 |
---------------+----------------------+-----
Fighting       | 4 5 6 |  6.0
Long Blades    | 3 4 9 12 13 | 13.8
Armour         | 4 5 6 |  6.0
Shields        | 4 5 6 |  6.3

Action                   |  1- 3 |  4- 6 |  7- 9 || total
-------------------------+-------+-------+-------++-------
Melee: Long sword        |    40 |    34 |     5 ||    79
  Use: Potion            |     1 |     1 |       ||     2
Armor: Scale mail        |    16 |     3 |     1 ||    20
Dodge: Dodged            |    17 |    11 |       ||    28
Block: Shield            |    15 |    18 |     3 ||    36
       Rpst.: Long sword |     9 |     5 |       ||    14
